 Dungeon Crawl Stone Soup version 0.28.0-53-g5a82cb258f (webtiles) character file.

Game seed: 1915664323503259555

287 raph the Shooter (level 6, -13/53 HPs)
             Began as a Minotaur Hunter on June 29, 2022.
             Mangled by an ogre
             ... wielding a +0 giant club
              (15 damage)
             ... on level 2 of the Dungeon.
             The game lasted 00:05:19 (4017 turns).

raph the Shooter (Minotaur Hunter)                  Turns: 4017, Time: 00:05:20

Health: -13/53     AC: 10    Str: 16    XL:     6   Next: 8%
Magic:  5/5        EV: 20    Int:  8    God:
Gold:   59         SH:  0    Dex: 13    Spells: 5/5 levels left

rFire   . . .      SeeInvis .   a - +2 hand axe (elec)
rCold   . . .      Faith    .   (no shield)
rNeg    . . .      Spirit   .   n - +0 plate armour
rPois   .          Reflect  .   (helmet restricted)
rElec   .          Harm     .   (no cloak)
rCorr   .          Rampage  .   (no gloves)
Will    .....                   (no boots)
Stlth   ..........              i - amulet of the acrobat
HPRegen 0.17/turn               (no ring)
MPRegen 0.09/turn               (no ring)

@: acrobatic
A: horns 2, retaliatory headbutt
a: no special abilities


You were on level 2 of the Dungeon.
You visited 1 branch of the dungeon, and saw 4 of its levels.

You collected 59 gold pieces.

Inventory:

Hand Weapons
 a - a +2 hand axe of electrocution (weapon)
 b - a +1 shortbow
 o - a +0 short sword
 p - a +0 war axe
Missiles
 d - 79 arrows
Armour
 c - a +0 leather armour
 m - a +0 chain mail
 n - a +0 plate armour (worn)
Jewellery
 i - an amulet of the acrobat (around neck)
Scrolls
 e - a scroll of teleportation
 f - a scroll of enchant weapon {unknown}
 g - a scroll of blinking
 h - 2 scrolls of identify
 j - a scroll of vulnerability {unknown}
Potions
 k - a potion of berserk rage
 l - a potion of mutation


   Skills:
 + Level 4.3 Fighting
 * Level 6.5 Bows
 + Level 0.4 Armour
 - Level 3.8 Dodging
 - Level 0.7 Stealth


You had 5 spell levels left.
You didn't know any spells.
Your spell library contained the following spells:

 Spells                   Type           Power      Damage    Failure   Level
 Animate Skeleton         Necr           0%         N/A       100%        1
 Apportation              Tloc           0%         N/A       100%        1
 Summon Small Mammal      Summ           0%         N/A       100%        1
 Ensorcelled Hibernation  Hex/Ice        0%         N/A       100%        2
 Passwall                 Tmut/Erth      0%         N/A       100%        2
 Swiftness                Air            0%         N/A       100%        3


Dungeon Overview and Level Annotations

Branches:
Dungeon (4/15)
 Temple: D:4-7

Altars:
The Shining One

Annotations:
D:4 Edmund, Eustachio


Innate Abilities, Weirdness & Mutations

You have a pair of horns on your head.
You reflexively headbutt those who attack you in melee.


Message History

Found 13 gold pieces and a leather armour.
Found an escape hatch in the ceiling.
There is a stone staircase leading up here.
There are monsters nearby!
You climb upwards.
There is a stone staircase leading down here.
You hit the dart slug but do no damage.
Lightning courses through the dart slug!
You kill the dart slug!
There is a stone staircase leading down here.
You climb downwards.
Level annotation: Edmund The goblin shouts!
Eustachio drinks a potion.
Eustachio seems to speed up.
The ogre hits you with a +0 giant club.
Found a great sword, a scroll of teleportation and a wand of polymorph (15).
Found a stone staircase leading down.
There is a stone staircase leading up here.
Eustachio casts a spell.
Eustachio blinks!
The ogre hits you with a +0 giant club!
Eustachio casts a spell.
Eustachio blinks!
You climb upwards.
There is a stone staircase leading down here.
There is an escape hatch in the ceiling here.
A mysterious force pulls you upwards. The hatch slams shut behind you.
You barely miss the ogre. The ogre hits you with a +0 giant club!
You are too injured to fight recklessly!
You are too injured to fight recklessly!
You are too injured to fight recklessly!
You are too injured to fight recklessly!
You are too injured to fight recklessly!
You are too injured to fight recklessly!
You are too injured to fight recklessly!
You hit the ogre. Your headbutt misses the ogre.
The ogre is lightly wounded.
The ogre hits you with a +0 giant club!!
* * * LOW HITPOINT WARNING * * *
The ogre hits you with a +0 giant club!
You die...

#..# #...........># #..#
#......♣...#.#
#..###.##..♣.♣..#.#
#..##...#.♣...♣.#.#
#..#.....♣.....♣#.# ######
#..#......♣...♣.#.######.....
#..#.#.##..♣.♣............###
#..........O♣.....#.#####.#
####.#......@.....#.# #.#
#.#.####.#.....#.# #># #.#.#
#.#.....#.# #.#
#.#.####.###(###.# #.#
#..#.........###.# #.#
###.###<........<# #.###
#......######### #....
######.######### #####
#.........#


You could see an ogre.

Vanquished Creatures
  A sky beast (D:3)
  An orc priest (D:3)
  Terence (D:3)
  An orc wizard (D:3)
  4 adders
  A worm (D:3)
  5 dart slugs
  5 orcs (D:3)
  4 ball pythons
  4 bats
  5 endoplasms
  A giant cockroach (D:1)
  9 goblins
  5 hobgoblins
  3 jackals (D:2)
  3 quokkas
  5 frilled lizards
  8 kobolds
  4 rats
70 creatures vanquished.

Vanquished Creatures (others)
  4 fungi (D:1)
  2 plants (D:1)
6 creatures vanquished.

Grand Total: 76 creatures vanquished

Notes
Turn   | Place    | Note
-------+----------+-------------------------------------------
     0 | D:1      | raph the Minotaur Hunter began the quest for the Orb.
     0 | D:1      | Reached XP level 1. HP: 18/18 MP: 0/0
   183 | D:1      | Reached XP level 2. HP: 20/25 MP: 1/1
   356 | D:1      | Found a faded altar of an unknown god.
   859 | D:1      | Reached skill level 5 in Bows
   873 | D:1      | Reached XP level 3. HP: 29/30 MP: 2/2
  1023 | D:2      | Found Seypeume's General Store.
  1803 | D:2      | Reached XP level 4. HP: 38/38 MP: 3/3
  2325 | D:3      | Found a glowing golden altar of the Shining One.
  2664 | D:3      | Noticed a sky beast
  2684 | D:3      | Killed a sky beast
  2685 | D:3      | Reached skill level 6 in Bows
  2685 | D:3      | Reached XP level 5. HP: 36/46 MP: 4/4
  3746 | D:3      | Noticed Terence
  3767 | D:3      | Killed Terence
  3768 | D:3      | Reached XP level 6. HP: 33/53 MP: 5/5
  3960 | D:4      | Noticed Edmund
  3996 | D:4      | Noticed Eustachio
  4016 | D:2      | HP: 1/53 [ogre/+0 giant club (23)]
  4017 | D:2      | Mangled by an ogre

Illustrated notes

Levels and vault maps discovered:
D:1:      dpeg_arrival_subterranean_lakeside_camping, layout_loops_ring,
          shapermc_ecumenical_altar_acropolis, chequers_serial_rivers_small_3
D:2:      layout_loops_ring, serial_shops, nicolae_diamond_shop
D:3:      layout_loops_ring, nicolae_overflow_hidden_temple, uniq_terence
D:4:      layout_rooms, nicolae_overflow_squiral, mainiacjoe_overflow_big_doors,
          minmay_temple_entry_offerings, uniq_eustachio, uniq_edmund,
          uniq_duvessa

Skill      XL: |  1  2  3  4 |
---------------+-------------+-----
Bows           | 5 6 |  6.5
Fighting       | 3 4 |  4.3
Dodging        | 3 |  3.8
Armour         | |  0.4
Stealth        | |  0.7

Action                   |  1- 3 |  4- 6 || total
-------------------------+-------+-------++-------
Melee: Short sword       |    71 |    38 ||   109
       Headbutt          |    15 |     8 ||    23
       War axe           |       |    10 ||    10
       Hand axe          |       |    18 ||    18
 Fire: Shortbow          |    44 |    47 ||    91
  Use: Scroll            |     6 |       ||     6
Armor: Leather armour    |    21 |       ||    21
       Chain mail        |    19 |    11 ||    30
       Plate armour      |       |    36 ||    36
Dodge: Dodged            |    40 |    17 ||    57
